 Dungeon Crawl Stone Soup version 0.22.1-6-g1668fe2c40 (webtiles) character file.

148 LabCoat the Shield-Bearer (level 5, 0/41 HPs)
             Began as a Human Fighter on Jan 20, 2019.
             Slain by a gnoll
             ... wielding a +0 spear
              (6 damage)
             ... on level 3 of the Dungeon.
             The game lasted 00:19:06 (2351 turns).

LabCoat the Shield-Bearer (Human Fighter)           Turns: 2351, Time: 00:19:06

Health: 0/41       AC:  8    Str: 17    XL:     5   Next: 56%
Magic:  5/5        EV:  7    Int: 11    God:
Gold:   82         SH:  9    Dex: 12    Spells: 4/4 levels left

rFire    . . .     SeeInvis .   l - +1 mace (crush)
rCold    . . .     Gourm    .   c - +0 shield
rNeg     . . .     Faith    .   b - +0 scale mail
rPois    .         Spirit   .   (no helmet)
rElec    .         Reflect  .   (no cloak)
rCorr    .         Harm     .   (no gloves)
MR       .....                  m - +0 pair of boots
Stlth    ..........             (no amulet)
HPRegen  0.13/turn              e - +2 ring of intelligence
MPRegen  0.09/turn              (no ring)

@: no status effects
A: no striking features
a: no special abilities


You were on level 3 of the Dungeon.
You were not hungry.

You visited 1 branch of the dungeon, and saw 3 of its levels.

You collected 82 gold pieces.

Inventory:

Hand Weapons
 a - a +1 flail
 l - a +1 mace of crushing (weapon)
Missiles
 g - 25 bolts
 k - 22 arrows
 n - 5 needles of confusion
 o - 19 sling bullets
 t - 18 poisoned needles
Armour
 b - a +0 scale mail (worn)
 c - a +0 shield (worn)
 h - a +0 pair of gloves
 m - a +0 pair of boots (worn)
Jewellery
 e - a +2 ring of intelligence (left hand)
Scrolls
 p - 2 scrolls of amnesia
 r - 2 scrolls of identify
 s - a scroll of enchant weapon
Potions
 d - a potion of might
Comestibles
 f - 3 rations


   Skills:
 + Level 3.5 Fighting
 * Level 3.3 Maces & Flails
 + Level 3.5 Armour
 + Level 1.2 Dodging
 * Level 4.0 Shields


You had 4 spell levels left.
You didn't know any spells.
Your spell library was empty.

Dungeon Overview and Level Annotations

Branches:
Dungeon (3/15)

Altars:
Dithmenos
Nemelex Xobeh
The Shining One


Message History

You hit the gnoll but do no damage.
The gnoll is moderately wounded.
The gnoll hits you with a spear.
* * * LOW HITPOINT WARNING * * *
You hit the gnoll.
The gnoll is heavily wounded.
The gnoll hits you but does no damage. The gnoll hits you with a spear.
* * * LOW HITPOINT WARNING * * *
You hit the gnoll but do no damage.
The gnoll is heavily wounded.
The gnoll hits you with a spear.
* * * LOW HITPOINT WARNING * * *
You hit the gnoll but do no damage.
The gnoll is heavily wounded.
The gnoll closely misses you. The gnoll completely misses you.
A hobgoblin comes into view. It is wielding a club.
The hobgoblin shouts!
The gnoll hits you from afar with a spear.
You die...

##### #...# ######
#...###....#
+...........
########...###.....
#.@.gg.g...'.......
#.######...###.....
#g .......# #.....
#. #.......####.##.
#.#...........#.##.
#.#.......###......
#.#######.# #......
#. #.# #.>.... #.#
#.####.


You could see a gnoll, a hobgoblin and 2 goblins.

Vanquished Creatures
  Terence (D:3)
  3 gnolls (D:3)
  2 adders
  2 oozes (D:1)
  3 dart slugs (D:1)
  3 leopard geckos
  2 ball pythons (D:3)
  5 giant cockroaches
  8 goblins
  6 hobgoblins
  6 bats
  5 frilled lizards
  5 kobolds
  11 rats
62 creatures vanquished.

Notes
Turn   | Place    | Note
-------+----------+-------------------------------------------
     0 | D:1      | LabCoat the Human Fighter began the quest for the Orb.
     0 | D:1      | Reached XP level 1. HP: 18/18 MP: 1/1
    53 | D:1      | Reached XP level 2. HP: 4/24 MP: 2/2
   535 | D:1      | Reached XP level 3. HP: 22/29 MP: 3/3
  1311 | D:2      | Reached XP level 4. HP: 19/35 MP: 4/4
  1321 | D:2      | Found a glowing golden altar of the Shining One.
  1695 | D:2      | Found a shadowy altar of Dithmenos.
  1824 | D:2      | Found a sparkling altar of Nemelex Xobeh.
  2102 | D:3      | Noticed Terence
  2116 | D:3      | Killed Terence
  2143 | D:3      | Reached XP level 5. HP: 41/41 MP: 5/5
  2180 | D:3      | Reached skill level 4 in Shields
  2183 | D:3      | Reached skill level 1 in Dodging
  2351 | D:3      | Slain by a gnoll

Skill      XL: |  1  2  3  4  5 |
---------------+----------------+-----
Maces & Flails | 3 |  3.3
Shields        | 4 |  4.0
Dodging        | 1 |  1.2
Fighting       | |  3.5
Armour         | |  3.5

Action                   |  1- 3 |  4- 6 || total
-------------------------+-------+-------++-------
Melee: Flail             |   108 |    67 ||   175
       Mace              |       |    60 ||    60
  Use: Potion            |     2 |     2 ||     4
       Scroll            |     5 |     2 ||     7
  Eat: Ration            |     1 |       ||     1
       Chunk             |       |     2 ||     2
Armor: Scale mail        |    57 |    57 ||   114
Dodge: Dodged            |    43 |    60 ||   103
Block: Shield            |    64 |    82 ||   146
